 Dungeon Crawl Stone Soup version 0.25-a0-253-g6f1b5d974a (webtiles) character file.

Game seed: 4204624822331021722, levelgen mode: classic

59 Borgoz the Cutter (level 4, 0/42 HPs)
             Began as a Kobold Gladiator on Dec 5, 2019.
             Slain by Grinder (3 damage)
             ... on level 3 of the Dungeon.
             The game lasted 00:02:23 (1665 turns).

Borgoz the Cutter (Kobold Gladiator)                Turns: 1665, Time: 00:02:24

Health: 0/42       AC: 22    Str: 12    XL:     4   Next: 22%
Magic:  4/4        EV:  3    Int:  9    God:
Gold:   73         SH:  0    Dex: 21    Spells: 3/3 levels left

rFire    . . .     SeeInvis .   b - +0 short sword (speed)
rCold    . . .     Gourm    .   (shield restricted)
rNeg     + + +     Faith    .   (armour currently unavailable)
rPois    +         Spirit   .   (helmet currently unavailable)
rElec    .         Reflect  .   (cloak currently unavailable)
rCorr    .         Harm     .   (gloves currently unavailable)
MR       .....     NoTele   +   (boots currently unavailable)
Stlth    +++.......             (no amulet)
HPRegen  0.14/turn              (no ring)
MPRegen  0.09/turn              (no ring)

@: agile, tree-form
A: small, carnivore
a: no special abilities


You were on level 3 of the Dungeon.
You were completely stuffed.
You were a tree.
You visited 1 branch of the dungeon, and saw 3 of its levels.

You collected 73 gold pieces.

Inventory:

Hand Weapons
 a - a +0 rapier
 b - a +0 short sword of speed (weapon)
Missiles
 d - 2 throwing nets (quivered)
Armour
 c - a +0 helmet (melded)
 p - a +0 leather armour (melded)
Jewellery
 t - an uncursed ring of positive energy
Wands
 u - a wand of iceblast (5)
Scrolls
 e - 2 scrolls of identify {unknown}
 h - 2 scrolls of fear {unknown}
 i - 2 scrolls of amnesia {unknown}
 o - a scroll of immolation {unknown}
 q - 2 scrolls of remove curse {unknown}
 s - a scroll of enchant weapon {unknown}
Potions
 j - a potion of berserk rage {unknown}
 k - a potion of agility
 m - a potion of might {unknown}
 n - a potion of curing {unknown}
 r - a potion of degeneration {unknown}
Comestibles
 f - 6 rations
 l - a chunk of flesh


   Skills:
 + Level 3.1 Fighting
 + Level 4.9 Short Blades
 - Level 2.1 Throwing
 + Level 4.4 Dodging


You had 3 spell levels left.
You didn't know any spells.
Your spell library was empty.

Dungeon Overview and Level Annotations

Branches:
Dungeon (3/15)

Altars:
Nemelex Xobeh
Wu Jian
Xom
Yredelemnul

Annotations:
D:3 Grinder


Innate Abilities, Weirdness & Mutations

You are small and have problems with some larger weapons.
You are carnivorous and can eat meat at any time.


Message History

You hit Grinder but do no damage.
Grinder is heavily wounded.
Grinder blinks!
It was a potion of agility.
You feel agile all of a sudden. Grinder gestures at you.
You suddenly lose the ability to move!
Grinder gestures at you.
You shrug off the repeated paralysis!
Grinder says, "Mostly I couldn't keep them alive."
Grinder hits you.
* * * LOW HITPOINT WARNING * * *
Grinder gestures at you.
You shrug off the repeated paralysis!
You can move again.
It was a potion of lignification.
You turn into a tree.
Your +0 helmet melds into your body.
Your +0 leather armour melds into your body.
Your roots penetrate the ground.
Grinder hits you.
You die...

.... ... ..# ..# #.#
#.# #.# ####♣#######
##..5........
##..##'##..###
##..##≈.≈# ..#
######..##§≈.≈≈# ..#
#......##≈≈...≈≈# ..
#.###..##≈.....≈# .
#####†###.##8_.._.._8#
#...<...#.######8#####


You could see Grinder.

Vanquished Creatures
  2 worms (D:2)
  A dart slug (D:1)
  A leopard gecko (D:1)
  A ball python (D:2)
  5 bats
  A giant cockroach (D:1)
  6 goblins
  5 hobgoblins
  6 jackals
  A quokka (D:2)
  8 frilled lizards
  8 kobolds
  4 rats
49 creatures vanquished.

Vanquished Creatures (others)
  4 toadstools (D:1)
4 creatures vanquished.

Grand Total: 53 creatures vanquished

Notes
Turn   | Place    | Note
-------+----------+-------------------------------------------
     0 | D:1      | Borgoz the Kobold Gladiator began the quest for the Orb.
     0 | D:1      | Reached XP level 1. HP: 12/12 MP: 1/1
    68 | D:1      | Reached XP level 2. HP: 14/18 MP: 2/2
   333 | D:1      | Reached XP level 3. HP: 14/22 MP: 3/3
  1273 | D:2      | Found a basalt altar of Yredelemnul.
  1376 | D:2      | Reached XP level 4. HP: 19/28 MP: 4/4
  1377 | D:2      | Found a faded altar of an unknown god.
  1642 | D:3      | Found a sparkling altar of Nemelex Xobeh.
  1642 | D:3      | Found a shimmering altar of Xom.
  1642 | D:3      | Found an ornate altar of the Wu Jian Council.
  1642 | D:3      | Noticed Grinder
  1659 | D:3      | Paralysed by Grinder for 6 turns
  1665 | D:3      | Slain by Grinder

Levels and vault maps discovered:
D:1:      ldierk_water_garden, layout_basic, hangedman_decor_slide_cut
D:2:      layout_rooms, yredelemnul_altar_generic,
          chequers_ecumenical_altar_simple
D:3:      layout_loops_corners, gammafunk_temple_overflow_claw, first_ration,
          biasface_ghost_orc_armoury, uniq_sigmund, uniq_grinder

Skill      XL: |  1  2  3 |
---------------+----------+-----
Dodging        | 4 |  4.4
Fighting       | 3 |  3.1
Short Blades   | |  4.9
Throwing       | |  2.1

Action                   |  1- 3 |  4- 6 || total
-------------------------+-------+-------++-------
Melee: Rapier            |   113 |       ||   113
       Short sword       |     9 |    22 ||    31
Throw: Throwing net      |       |     1 ||     1
  Use: Potion            |       |     2 ||     2
 Stab: Sleeping          |     3 |     1 ||     4
  Eat: Chunk             |    10 |     1 ||    11
Armor: Leather armour    |    21 |     2 ||    23
Dodge: Dodged            |    79 |     7 ||    86

Table legend:
 A = Non-vault XP
 B = Vault XP
 C = Vault XP percentage of total XP
 D = Non-vault monster count
 E = Vault monster count
 F = Vault count percentage of total count
                 A         B        C        D         E       F
            +---------+---------+-------+---------+---------+-------
      Total |      85 |       0 |   0.0 |      49 |       0 |   0.0
            +---------+---------+-------+---------+---------+-------
        D:1 |      46 |       0 |   0.0 |      29 |       0 |   0.0
        D:2 |      38 |       0 |   0.0 |      19 |       0 |   0.0
        D:3 |       1 |       0 |   0.0 |       1 |       0 |   0.0
            +---------+---------+-------+---------+---------+-------
